Map: Red Factory

Players

A.I. 1 (Very Easy)

  • Race: Terran Terran
  • Spawn Location: 1:00

Adimax - Winner!

  • Race: Zerg Zerg
  • Spawn Location: 7:00

VOD

Have the link to the VOD?

Description

Time

  • Played on: Oct. 3, 2020, 5:52 p.m.
  • Length: 8:10
Show
View Real Time Build Order
Export as new Build Order

A.I. 1 (Very Easy) Terran 

Build Orders:  

Get SALT Encoding   

  12  0:00  SCV  
  13  0:13  SCV  
  14  0:19  Supply Depot  
  14  0:36  Refinery  
  14  0:42  Barracks  
  14  1:07  Supply Depot  
  14  1:12  Refinery  
  14  1:29  Barracks Tech Lab  
  14  1:32  Orbital Command  
  14  1:47  Marauder  
  16  1:57  SCV  
  17  2:09  SCV  
  18  2:21  SCV  
  19  2:30  Marine  
  19  2:33  SCV  
  21  2:45  SCV  
  22  2:57  SCV  
  23  3:13  Marine  
  24  6:29  SCV, Marine  
  24  6:31  Supply Depot  
  26  6:34  Factory  
  26  6:37  Command Center  
  26  6:41  SCV  
  23  6:53  SCV  
  24  6:54  Supply Depot  
  24  7:04  Marine  
  24  7:05  SCV  
  21  7:17  SCV  
  13  7:29  SCV  
Show
View Real Time Build Order
Export as new Build Order

Adimax Zerg - Winner!

Build Orders: Hatch First 

Get SALT Encoding   

  12  0:00  Drone  
  13  0:12  Overlord  
  13  0:17  Drone  
  14  0:30  Drone  
  14  0:31  Drone  
  14  0:34  Drone  
  17  0:52  Hatchery  
  17  0:55  Drone  
  17  0:59  Drone  
  18  1:13  Spawning Pool  
  18  1:15  Drone  
  18  1:19  Drone  
  19  1:28  Drone  
  20  1:44  Hatchery  
  19  2:00  Queen  
  21  2:02  Zergling x2  
  21  2:04  Queen  
  21  2:05  Zergling x2  
  25  2:10  Overlord  
  25  2:15  Drone  
  26  2:16  Drone  
  26  2:18  Drone  
  28  2:29  Drone x2  
  30  2:35  Drone  
  31  2:37  Queen  
  31  2:43  Queen  
  35  2:48  Overlord  
  35  2:52  Drone  
  35  2:58  Drone x2  
  38  3:01  Drone x2  
  40  3:07  Overlord  
  40  3:11  Drone x3  
  40  3:12  Drone  
  44  3:14  Drone  
  44  3:15  Extractor  
  44  3:22  Extractor  
  44  3:24  Drone x4  
  47  3:27  Drone  
  48  3:34  Queen  
  48  3:36  Overlord  
  50  3:44  Roach Warren  
  49  3:49  Evolution Chamber  
  49  3:51  Drone x3  
  49  3:52  Evolution Chamber  
  50  3:57  Extractor  
  50  3:59  Extractor  
  48  4:04  Drone x4  
  48  4:05  Drone x2  
  48  4:09  Drone x2  
  56  4:16  Lair  
  56  4:18  Overlord  
  56  4:23  Drone x3  
  59  4:33  Drone  
  59  4:34  Drone x5  
  64  4:41  Zerg Missile Weapons Level 1  
  64  4:42  Zerg Ground Armor Level 1  
  64  4:46  Overlord  
  64  4:57  Roach  
  64  4:58  Roach x3  
  72  5:03  Drone  
  72  5:05  Spore Crawler  
  72  5:13  Roach x3, Overlord x3  
  78  5:17  Drone x3  
  81  5:24  Overlord x2  
  81  5:33  Drone  
  81  5:34  Spire  
  81  5:35  Overlord x2  
  81  5:38  Overseer  
  81  5:40  Pneumatized Carapace  
  81  5:42  Roach  
  83  5:43  Roach  
  83  5:45  Roach  
  83  5:47  Extractor  
  83  5:49  Drone x3  
  89  5:50  Extractor  
  89  5:51  Drone  
  89  5:52  Drone  
  89  5:56  Drone x2  
  92  5:57  Overlord  
  92  6:07  Roach x5  
  102  6:14  Drone x4  
  102  6:15  Drone  
  102  6:16  Roach  
  109  6:25  Ravager x2  
  112  6:26  Ravager x2  
  112  6:27  Overlord  
  112  6:32  Drone x2  
  115  6:36  Roach x3  
  115  6:37  Hatchery  
  120  6:42  Overlord x2  
  119  6:57  Drone  
  119  6:58  Infestation Pit  
  119  7:00  Roach x2  
  123  7:06  Roach  
  123  7:07  Roach x3  
  123  7:08  Roach  
  133  7:14  Roach x3  
  139  7:25  Roach x3  
  139  7:26  Roach x3  
  139  7:28  Roach  
  139  7:29  Roach  
  155  7:35  Drone x5  
  155  7:36  Drone  
  161  7:39  Roach x2  
  165  7:45  Extractor, Drone  
  165  7:46  Drone x2  
Tags
 
Matchup
TvZ
Spawn Locations
Cross Positions
Add a new tag
Caveats
  • Supply blocks, unpowered buildings, or Contaminate may cause inaccurate times.
  • Supply counts are checked every 10 seconds.